[Event "Titled Tuesday Blitz February 07 Late 2023"]
[White "Flynn, Jacob"]
[Black "Manukyan, Sargis A."]
[WhiteFideId "2509393"]
[BlackFideId "13303970"]
[WhiteElo "2102"]
[BlackElo "2158"]
[Result "1-0"]
[Round "06"]
[TimeControl "180+2"]
[Date "2023.02.07"]
[WhiteClock "0:00:12"]
[BlackClock "0:01:29"]

1. d4 d5 2. c4 e6 3. Nc3 Nf6 4. cxd5 exd5 5. Bg5 c6 6. e3 Qb6 7. Bd3 Qxb2 8. Nge2 Be7 9. O-O O-O 10. Rb1 Qa3 11. f3 Qd6 12. e4 Qd8 13. e5 Ne8 14. Bxe7 Qxe7 15. f4 f6 16. Ng3 f5 17. Qh5 g6 18. Qh6 Ng7 19. h4 Ne6 20. Nge2 Qg7 21. Qxg7+ Kxg7 22. Na4 h5 23. Nc5 Nxc5 24. dxc5 Nd7 25. Rfc1 Re8 26. Nd4 Re7 27. Bxf5 gxf5 28. Nxf5+ Kf7 29. Nxe7 Kxe7 30. Rc3 Nf8 31. Rg3 Kf7 32. Rg5 Ne6 33. Rf5+ Kg7 34. Rxh5 Nxf4 35. Rg5+ Kf7 36. Rf1 b6 37. Rxf4+ Ke7 38. Rg7+ Ke6 39. Rf8 bxc5 40. Rgg8 Rb8 41. Rxc8 Rb1+ 42. Kh2 c4 43. Rxc6+ Kxe5 44. Rg5+ Kd4 45. Rd6 Rb5 46. h5 c3 47. Rc6 Rc5 48. Rxc5 Kxc5 49. Rg3 d4 50. Rf3 c2 51. Rf1 d3 52. h6 d2 53. h7 d1=Q 54. Rxd1 cxd1=Q 55. h8=Q Qd6+ 56. Kh1 Qd1+ 57. Kh2 Qd6+ 58. Kg1 Qe6 59. Qc3+ Kb6 60. Qb3+ Qxb3 61. axb3 Kb5 62. g4 Kb4 63. g5 Kxb3 64. g6 a5 65. g7 a4 66. g8=Q+ Kb2 67. Qg7+ Kb3 68. Qf7+ Kb2 69. Qf6+ Ka2 70. Qe6+ Kb2 71. Qe5+ Ka2 72. Qd5+ Kb2 73. Qd4+ Kb3 74. Qa1 a3 75. Kf1 Kb4 76. Ke1 Kb3 77. Kd1 a2 78. Kc1 Ka3 79. Kc2 Kb4 80. Qb2+ Kc4 81. Qxa2+ Kd4 82. Qb3 Ke4 83. Qc3 Kf4 84. Qd3 Ke5 85. Qc4 Kd6 86. Qb5 Ke6 87. Qc5 Kd7 88. Qb6 1-0


[Site "https://www.chess.com"]

[Event "Titled Tuesday Blitz February 07 Late 2023"]
[White "Dzierzak, Radoslaw"]
[Black "Averjanov, Alexey"]
[WhiteFideId "1161407"]
[BlackFideId "14109867"]
[WhiteElo "2220"]
[BlackElo "2399"]
[Result "1/2-1/2"]
[Round "06"]
[TimeControl "180+2"]
[Date "2023.02.07"]
[WhiteClock "0:00:07"]
[BlackClock "0:01:28"]

1. e4 c6 2. Nf3 d5 3. Nc3 Bg4 4. d4 dxe4 5. Nxe4 Nd7 6. h3 Bh5 7. Ng3 Bg6 8. Nh4 e6 9. Nxg6 hxg6 10. Bd3 Ngf6 11. c3 Bd6 12. O-O Qc7 13. Ne4 Nxe4 14. Bxe4 Nf6 15. Bf3 O-O 16. Qc2 Rad8 17. Bg5 Rd7 18. Rfe1 Rfd8 19. b4 Bf4 20. Bxf6 gxf6 21. h4 Kg7 22. g3 Bd6 23. Kg2 f5 24. a3 Be7 25. Rad1 Bf6 26. Re3 b6 27. Red3 Rd6 28. a4 Qd7 29. a5 c5 30. bxc5 bxc5 31. d5 exd5 32. Rxd5 Rxd5 33. Rxd5 Qc7 34. Rxd8 Qxd8 35. a6 Qa5 36. Bb7 Bxc3 37. Qe2 Bd4 38. Bd5 Qc7 39. Qb5 f4 40. Qb7 Be5 41. Qxc7 Bxc7 42. g4 Kf6 43. Kf3 Be5 44. Ke4 Bd6 45. f3 Ke7 46. h5 gxh5 47. gxh5 Kf6 48. h6 Kg6 49. h7 Kxh7 50. Bxf7 Kg7 51. Bc4 Kf6 52. Kd5 Be7 53. Kc6 Ke5 54. Kb7 Kd4 55. Kxa7 Kxc4 56. Kb7 Kd3 57. a7 c4 58. a8=Q c3 59. Qe8 Ba3 60. Qe4+ Kd2 61. Qxf4+ Ke2 62. Qe4+ Kd2 63. Qd4+ Kc2 64. Qa4+ Kb2 65. Qb5+ Kc1 66. Qf1+ Kd2 67. Qf2+ Kd3 68. Qf1+ Kd2 69. Qg2+ Kd3 70. Qg6+ Kd2 71. f4 c2 72. Qg2+ Kd1 73. Qg1+ Kd2 74. f5 c1=Q 75. Qxc1+ Kxc1 76. f6 Kd2 77. f7 Ke3 78. Kc7 Ke4 79. Kd7 Kf5 80. Ke8 Kg6 81. f8=Q Bxf8 1/2-1/2


[Site "https://www.chess.com"]

[Event "Titled Tuesday Blitz February 07 Late 2023"]
[White "Romanchuk, Viktor"]
[Black "Bozorov, Makhsum"]
[WhiteFideId "14109271"]
[BlackFideId "14201330"]
[WhiteElo "2266"]
[BlackElo "2145"]
[Result "1/2-1/2"]
[Round "06"]
[TimeControl "180+2"]
[Date "2023.02.07"]
[WhiteClock "0:00:03"]
[BlackClock "0:00:09"]

1. d4 Nf6 2. c4 g6 3. Nc3 d5 4. Nf3 Bg7 5. Bf4 O-O 6. Rc1 dxc4 7. e4 Bg4 8. Bxc4 Bxf3 9. gxf3 Nc6 10. d5 Nh5 11. Be3 Nb8 12. f4 c6 13. Be2 Nf6 14. dxc6 Nxc6 15. e5 Nd7 16. h4 Nb6 17. h5 Qxd1+ 18. Rxd1 Rfd8 19. hxg6 hxg6 20. O-O f6 21. exf6 Bxf6 22. Kg2 Kf8 23. Ne4 Bd4 24. Ng5 Bxe3 25. Ne6+ Kg8 26. Nxd8 Bxf4 27. Nxc6 bxc6 28. Bf3 Rb8 29. Bxc6 Bd6 30. b3 Kg7 31. Rfe1 Kf6 32. Bf3 g5 33. Bg4 a5 34. Re6+ Kg7 35. Rdxd6 exd6 36. Rxd6 a4 37. bxa4 Nxa4 38. Bf5 Nc3 39. Be6 Ne4 40. Rc6 Rb2 41. Kf3 Nxf2 42. Bb3 g4+ 43. Kg3 Ne4+ 44. Kxg4 Nd2 45. Rc2 Rxc2 46. Bxc2 Kf6 47. Kf4 Ke7 48. Ke3 Nc4+ 49. Kd4 Nd6 50. Kc5 Kd7 51. Bd3 Kc7 52. a4 Nb7+ 53. Kb5 Nd6+ 54. Ka6 Nc8 55. Be4 Nd6 56. Bd5 Nf5 57. Kb5 Ne3 58. Kc5 Nxd5 1/2-1/2


[Site "https://www.chess.com"]

[Event "Titled Tuesday Blitz February 07 Late 2023"]
[White "Sielecki, Christof"]
[Black "Nilsen, Tobias Lang"]
[WhiteFideId "4620437"]
[BlackFideId "1521624"]
[WhiteElo "2419"]
[BlackElo "2247"]
[Result "1-0"]
[Round "06"]
[TimeControl "180+2"]
[Date "2023.02.07"]
[WhiteClock "0:00:30"]
[BlackClock "0:00:27"]

1. e4 e6 2. d4 d5 3. Nd2 a6 4. Ngf3 Nf6 5. Bd3 c5 6. exd5 exd5 7. dxc5 Bxc5 8. Nb3 Bb6 9. Qe2+ Be6 10. Be3 O-O 11. O-O Bc7 12. h3 Nc6 13. Nbd4 Bc8 14. c3 Re8 15. Rfe1 Qd6 16. Qc2 Bd7 17. Re2 Rac8 18. Rae1 Nb4 19. cxb4 Ne4 20. Bd2 Bb6 21. Qd1 Bc7 22. Bxe4 dxe4 23. Rxe4 Rxe4 24. Rxe4 Bc6 25. Nxc6 bxc6 26. Qe2 f5 27. Re8+ 1-0


[Site "https://www.chess.com"]

[Event "Titled Tuesday Blitz February 07 Late 2023"]
[White "Goroshkov, Maksym"]
[Black "Forgacs, Attila Jr."]
[WhiteFideId "14142716"]
[BlackFideId "773654"]
[WhiteElo "2287"]
[BlackElo "2264"]
[Result "1/2-1/2"]
[Round "06"]
[TimeControl "180+2"]
[Date "2023.02.07"]
[WhiteClock "0:00:32"]
[BlackClock "0:00:07"]

1. e4 e5 2. d4 exd4 3. c3 d5 4. exd5 Qxd5 5. cxd4 Nc6 6. Nf3 Bg4 7. Be2 O-O-O 8. Nc3 Qd7 9. Be3 Nf6 10. O-O Nd5 11. Ne5 Nxe5 12. dxe5 Nxc3 13. Bxg4 Nxd1 14. Bxd7+ Rxd7 15. Raxd1 Rxd1 16. Rxd1 Be7 17. f4 Rd8 18. Rxd8+ Kxd8 19. Kf2 a6 20. Kf3 Kd7 21. Ke4 Bb4 22. f5 Ke7 23. g4 Kd7 24. h4 Be1 25. h5 Bh4 26. g5 g6 27. e6+ Ke8 28. exf7+ Kxf7 29. fxg6+ hxg6 30. h6 Kg8 31. Ke5 Bg3+ 32. Ke6 b6 33. Kd7 a5 34. a4 Kh7 35. Kc6 Be5 36. b3 Bd6 37. Bd4 Bf4 38. Bf6 Kg8 39. Bd8 Kh7 40. Kd7 Kg8 41. Bxc7 Bxg5 42. Bxb6 Bd2 43. Kc6 g5 44. Kd5 Kh7 45. Ke4 Kxh6 46. Kf3 Kh5 47. Kg3 Be1+ 48. Kh3 g4+ 49. Kg2 Kg5 50. Kf1 Bb4 51. Bc7 Kf5 52. Kg2 Bd2 53. Bb6 Bc3 54. Bc7 Bb4 55. Bb6 Be1 56. Bc7 Bb4 57. Bb6 Kf4 58. Bc7+ Ke4 59. Kg3 Kd3 60. Kxg4 Kc2 61. Kf3 Kxb3 62. Ke4 Kxa4 63. Kd3 Kb3 64. Bxa5 1/2-1/2


[Site "https://www.chess.com"]

[Event "Titled Tuesday Blitz February 07 Late 2023"]
[White "Chor, Kevin"]
[Black "Herman, Daniel"]
[WhiteFideId "2090740"]
[BlackFideId "30935008"]
[WhiteElo "1944"]
[BlackElo "1956"]
[Result "0-1"]
[Round "06"]
[TimeControl "180+2"]
[Date "2023.02.07"]
[WhiteClock "0:00:03"]
[BlackClock "0:00:05"]

1. e4 d6 2. d4 Nf6 3. Nc3 e5 4. f4 exd4 5. Qxd4 Nc6 6. Qd3 Be7 7. Nf3 O-O 8. Be3 d5 9. e5 Nb4 10. Qe2 Ng4 11. O-O-O Nxe3 12. Qxe3 Bf5 13. Nd4 Bg4 14. Be2 Bxe2 15. Qxe2 c5 16. Nf5 d4 17. Ne4 Nxa2+ 18. Kb1 Nb4 19. Qg4 g6 20. Nxe7+ Qxe7 21. Nf6+ Kg7 22. Qh4 Rh8 23. c3 Nd5 24. cxd4 Nxf6 25. exf6+ Qxf6 26. Qxf6+ Kxf6 27. dxc5 Rad8 28. Kc2 Rhe8 29. Rxd8 Rxd8 30. Kc3 Kf5 31. g3 Kg4 32. Ra1 a6 33. Re1 Rd7 34. b4 Kf3 35. Kc4 h5 36. b5 axb5+ 37. Kxb5 h4 38. gxh4 Kxf4 39. Kb6 Kg4 40. Re4+ Kh3 41. Rb4 f5 42. Ka7 Kxh2 43. Rxb7 Rd1 44. c6 Rc1 45. c7 f4 46. Kb8 f3 47. Rb2+ Kg3 48. c8=Q Rxc8+ 49. Kxc8 f2 50. Rb1 Kxh4 51. Kd7 g5 52. Ke6 g4 53. Kf5 g3 54. Kf4 g2 55. Kf3 f1=Q+ 0-1


[Site "https://www.chess.com"]

[Event "Titled Tuesday Blitz February 07 Late 2023"]
[White "Ortega Amarelle, Mariano"]
[Black "Kalajzic, Ivan"]
[WhiteFideId "3504301"]
[BlackFideId "14506378"]
[WhiteElo "2472"]
[BlackElo "2062"]
[Result "0-1"]
[Round "06"]
[TimeControl "180+2"]
[Date "2023.02.07"]
[WhiteClock "0:00:01"]
[BlackClock "0:00:12"]

1. e4 Nc6 2. Nf3 d6 3. d4 Bg4 4. Be2 e5 5. dxe5 dxe5 6. Nbd2 Bc5 7. c3 Nf6 8. b4 Bb6 9. b5 Bxf3 10. Bxf3 Ne7 11. Qc2 Ng6 12. O-O O-O 13. Ba3 Re8 14. Rad1 Qc8 15. c4 Bd4 16. Nb3 Nh4 17. Be2 c5 18. bxc6 Qxc6 19. Nxd4 exd4 20. f3 Rad8 21. Bd3 Ng6 22. Rfe1 Nf4 23. Bf1 g5 24. g3 Ng6 25. c5 Ne5 26. Bg2 g4 27. f4 Nf3+ 28. Bxf3 gxf3 29. e5 Ng4 30. Rf1 f2+ 31. Rxf2 Nxf2 32. Qxf2 d3 33. Rd2 Qe4 34. Bb2 b6 35. cxb6 axb6 36. f5 Rc8 37. e6 Rc2 38. exf7+ Kxf7 39. g4 Rxd2 40. Qxd2 Qxg4+ 41. Kf1 Qxf5+ 42. Kg1 Re2 43. Qc3 Qf2+ 0-1


[Site "https://www.chess.com"]

[Event "Titled Tuesday Blitz February 07 Late 2023"]
[White "Schuster, Karsten"]
[Black "Sztokbant, Bernardo Vainzoff"]
[WhiteFideId "4611071"]
[BlackFideId "2115956"]
[WhiteElo "2309"]
[BlackElo "2213"]
[Result "1/2-1/2"]
[Round "06"]
[TimeControl "180+2"]
[Date "2023.02.07"]
[WhiteClock "0:01:16"]
[BlackClock "0:00:07"]

1. d4 d5 2. c4 dxc4 3. Nf3 e6 4. e3 Nf6 5. Bxc4 Be7 6. O-O O-O 7. Nc3 a6 8. a4 c5 9. d5 exd5 10. Nxd5 Nc6 11. Nxe7+ Qxe7 12. b3 Be6 13. Qe2 Rfd8 14. Ba3 Ne4 15. Rac1 Qf6 16. Bxe6 Qxe6 17. Qc2 b6 18. Rfd1 h6 19. h3 Na5 20. b4 Nb3 21. Rxd8+ Rxd8 22. Rd1 Rxd1+ 23. Qxd1 c4 24. Nd4 Qd5 25. Bb2 c3 26. Bxc3 Nxc3 27. Qxb3 Qxb3 28. Nxb3 Nxa4 29. Nd4 Nc3 30. Kf1 Kf8 31. Ke1 Ke7 32. f3 g6 33. e4 Kd6 34. Kd2 Na2 35. Nc2 Ke5 36. g3 g5 37. Kd3 h5 38. Ke3 Kd6 39. f4 gxf4+ 40. gxf4 Kc6 41. e5 Kd5 42. Kd3 Nc1+ 43. Kd2 Nb3+ 44. Kc3 Nc1 45. Kd2 Na2 46. Kd3 Nc1+ 47. Kd2 1/2-1/2


[Site "https://www.chess.com"]

[Event "Titled Tuesday Blitz February 07 Late 2023"]
[White "Jenkins, Drake"]
[Black "Petrovic, Aleksa"]
[WhiteFideId "2022397"]
[BlackFideId "967629"]
[WhiteElo "2130"]
[BlackElo "2332"]
[Result "0-1"]
[Round "06"]
[TimeControl "180+2"]
[Date "2023.02.07"]
[WhiteClock "0:00:01"]
[BlackClock "0:00:23"]

1. Nf3 Nf6 2. c4 e6 3. g3 b6 4. Bg2 Bb7 5. O-O c5 6. Nc3 a6 7. d4 cxd4 8. Qxd4 d6 9. b3 Nbd7 10. Ba3 Qc7 11. Rfd1 Nc5 12. b4 Ncd7 13. b5 Nc5 14. bxa6 Bxa6 15. Nd2 Rd8 16. Nb5 Bxb5 17. cxb5 Be7 18. Bc6+ Kf8 19. e4 Nfd7 20. Rac1 Ne5 21. Kg2 Nxc6 22. bxc6 Qxc6 23. f3 Bf6 24. Qc4 h5 25. h4 g5 26. hxg5 Bxg5 27. Bxc5 bxc5 28. f4 Bf6 29. Nf3 h4 30. g4 h3+ 31. Kg3 Rb8 32. Rh1 h2 33. Rxh2 Rxh2 34. Nxh2 Rb2 35. Rc2 Rxc2 36. Qxc2 d5 37. e5 Be7 38. Nf3 c4 39. Qh7 Ke8 40. g5 c3 41. Nd4 Qc5 42. Nc2 Qg1+ 43. Kf3 d4 44. Qd3 Qh1+ 45. Ke2 Qg2+ 46. Ke1 Bc5 47. Qb5+ Kd8 48. Qxc5 Qd2+ 0-1


[Site "https://www.chess.com"]

[Event "Titled Tuesday Blitz February 07 Late 2023"]
[White "Gardezi, Arsal"]
[Black "Papayan, Oleg"]
[WhiteFideId "30949521"]
[BlackFideId "4193911"]
[WhiteElo "2093"]
[BlackElo "2253"]
[Result "1-0"]
[Round "06"]
[TimeControl "180+2"]
[Date "2023.02.07"]
[WhiteClock "0:00:22"]
[BlackClock "0:00:01"]

1. Nf3 Nf6 2. g3 d5 3. Bg2 c5 4. c3 Nc6 5. d4 Qc7 6. O-O e5 7. dxe5 Nxe5 8. Nxe5 Qxe5 9. Bf4 Qe6 10. c4 d4 11. e3 Qxc4 12. exd4 cxd4 13. Re1+ Be7 14. Nd2 Qb4 15. a3 Qb5 16. Rc1 Be6 17. Rc7 Nd5 18. a4 Qa5 19. Nc4 Qxc7 20. Bxc7 Nxc7 21. Bxb7 Rb8 22. Bc6+ Kd8 23. Qxd4+ Kc8 24. Qxa7 Bb4 25. Nb6+ Rxb6 26. Qxb6 Bxe1 27. Qb7+ Kd8 28. Qb8+ Bc8 29. Bb7 Kd7 30. Kf1 Bd2 31. Bxc8+ Rxc8 32. Qb3 Bh6 33. Qxf7+ Kc6 34. Qc4+ Kb7 35. a5 g6 36. Qe4+ Kb8 37. b4 Bf8 38. Qc6 Bxb4 39. Qb6+ Ka8 40. Qxb4 Rb8 41. Qc5 Rb7 42. Qc6 Ka7 43. Kg2 Na6 44. Qd6 Nb8 45. Qd4+ Ka6 46. Qf6+ Kxa5 47. Qf3 Kb6 48. Qb3+ Kc7 49. Qf7+ Kc8 50. Qf4 Rd7 51. h4 Nc6 52. Qc4 Kc7 53. Qe6 Nd8 54. Qc4+ Kd6 55. Qd4+ Ke7 56. Qg7+ Kd6 57. Qh6 Rf7 58. h5 Ke7 59. hxg6 hxg6 60. Qxg6 Ne6 61. Qe4 Kf6 62. f4 Ng7 63. Qe5+ Kg6 64. Qg5+ Kh7 65. Qh4+ Kg6 66. Qd8 Nf5 67. g4 Ne3+ 68. Kf3 Nc4 69. Qg5+ Kh7 70. Qh5+ Kg7 71. Qg5+ Kf8 72. Qc5+ Nd6 73. Qxd6+ Ke8 74. f5 1-0


[Site "https://www.chess.com"]

[Event "Titled Tuesday Blitz February 07 Late 2023"]
[White "Przybylski, Wojciech"]
[Black "Kovalevsky, Stanislav"]
[WhiteFideId "1117599"]
[BlackFideId "13508598"]
[WhiteElo "2321"]
[BlackElo "2237"]
[Result "1-0"]
[Round "06"]
[TimeControl "180+2"]
[Date "2023.02.07"]
[WhiteClock "0:00:07"]
[BlackClock "0:00:19"]

1. e4 e6 2. d4 d5 3. Nc3 dxe4 4. Nxe4 Nf6 5. Bg5 Be7 6. Bxf6 gxf6 7. Nc3 b6 8. Qf3 c6 9. O-O-O Bb7 10. g4 Qd7 11. Bg2 Na6 12. Nge2 O-O-O 13. Ng3 c5 14. d5 Nb4 15. dxe6 Qxd1+ 16. Qxd1 Rxd1+ 17. Rxd1 Bxg2 18. Nf5 Nc6 19. exf7 Rf8 20. Nb5 Bf3 21. Nxe7+ Nxe7 22. Re1 Ng6 23. Re6 a6 24. Nd6+ Kd7 25. Rxf6 Bxg4 26. Nc4 b5 27. Nb6+ Ke7 28. Nd5+ Kd7 29. Rxa6 Be6 30. Nf6+ Ke7 31. Ne4 Rxf7 32. Nxc5 Rxf2 33. Rxe6+ Kf7 34. Re3 Nf4 35. b3 Rxh2 36. a4 Nd5 37. Rd3 Nb4 38. Rf3+ Ke7 39. Re3+ Kd6 40. Ne4+ Kd5 41. Nd2 Kd4 42. Rg3 bxa4 43. bxa4 Na2+ 44. Kb2 Rxd2 45. Kxa2 Rxc2+ 46. Kb3 Rc7 47. Rg4+ Kd3 48. Rg3+ Kd4 49. Rg4+ Ke5 50. Rh4 Kf5 51. Kb4 Ke5 52. Kb5 Kd5 53. a5 Rb7+ 54. Ka6 Rf7 55. Kb6 Rf6+ 56. Kb5 Rf7 57. a6 Kd6 58. Kb6 Rg7 59. a7 Rg8 60. Rxh7 Ke6 61. Rb7 Kd6 62. Rb8 Rg1 63. a8=Q Rb1+ 64. Ka5 Ra1+ 65. Kb4 Rxa8 66. Rxa8 1-0


[Site "https://www.chess.com"]

[Event "Titled Tuesday Blitz February 07 Late 2023"]
[White "Yeritsyan, Hayk"]
[Black "Harish, Neeraj"]
[WhiteFideId "13307320"]
[BlackFideId "30958130"]
[WhiteElo "2241"]
[BlackElo "2232"]
[Result "1-0"]
[Round "06"]
[TimeControl "180+2"]
[Date "2023.02.07"]
[WhiteClock "0:01:48"]
[BlackClock "0:00:12"]

1. d4 d5 2. Nf3 Nf6 3. e3 c5 4. Bd3 Nc6 5. c3 Bg4 6. Nbd2 e6 7. Qa4 Bd6 8. Ne5 c4 9. Nxc6 bxc6 10. Qxc6+ Ke7 11. Bb1 Rc8 12. Qa4 Qb6 13. e4 dxe4 14. Nxe4 Nxe4 15. Bxe4 Rhd8 16. O-O Kf8 17. Re1 Kg8 18. Qc2 h6 19. h3 Bh5 20. g4 Bg6 21. Bxg6 fxg6 22. Qxg6 Re8 23. Bxh6 1-0


[Site "https://www.chess.com"]

[Event "Titled Tuesday Blitz February 07 Late 2023"]
[White "Gurevich, Ilya"]
[Black "Zochowski, Kacper"]
[WhiteFideId "2000628"]
[BlackFideId "1125494"]
[WhiteElo "2586"]
[BlackElo "2262"]
[Result "1-0"]
[Round "06"]
[TimeControl "180+2"]
[Date "2023.02.07"]
[WhiteClock "0:00:04"]
[BlackClock "0:00:03"]

1. d4 d6 2. c4 Nd7 3. Nc3 Ngf6 4. e4 e5 5. Nf3 Be7 6. Be2 O-O 7. O-O c6 8. h3 Re8 9. Be3 Bf8 10. d5 c5 11. Ne1 g6 12. Nd3 Bg7 13. a3 a6 14. b4 b6 15. bxc5 bxc5 16. Rb1 Rf8 17. Qa4 Nb8 18. Rb2 Nfd7 19. Rfb1 f5 20. Qd1 Qh4 21. f3 Bh6 22. Bf2 Qd8 23. Na4 Ra7 24. Nb6 Qc7 25. Qa4 Rb7 26. Nxc8 Rxb2 27. Ne7+ Kf7 28. Rxb2 Kxe7 29. Qc2 Nf6 30. exf5 gxf5 31. Qb1 Nbd7 32. Rb7 Qa5 33. Qb3 e4 34. Be1 Qd8 35. Nf2 Re8 36. fxe4 fxe4 37. Qg3 Kf8 38. Qxd6+ Kg7 39. Qg3+ Kh8 40. Ng4 Bg7 41. Nxf6 Bxf6 42. Bf2 e3 43. Be1 Bd4 44. Qd6 Re7 45. Bh4 Qf8 46. Qxe7 Qxe7 47. Bxe7 Ne5 48. Rb8+ Kg7 49. d6 Nxc4 50. Rb7 Nb2 51. d7 Nd3 52. d8=Q Nf4 53. Qf8+ Kg6 54. Rb6+ 1-0


[Site "https://www.chess.com"]

[Event "Titled Tuesday Blitz February 07 Late 2023"]
[White "Schroeder, Jan-Christian"]
[Black "Goncalves, Davi Sulzbacher"]
[WhiteFideId "24662259"]
[BlackFideId "2154510"]
[WhiteElo "2553"]
[BlackElo "2282"]
[Result "1-0"]
[Round "06"]
[TimeControl "180+2"]
[Date "2023.02.07"]
[WhiteClock "0:01:03"]
[BlackClock "0:01:21"]

1. e4 g6 2. h4 Bg7 3. h5 d6 4. d4 c5 5. dxc5 Qa5+ 6. c3 Qxc5 7. Be3 Qa5 8. h6 Bf6 9. Nd2 Nc6 10. Be2 e6 11. Nc4 Qc7 12. Nxd6+ Kf8 13. f4 e5 14. Nf3 Bg4 15. Nb5 Qd8 16. fxe5 Nxe5 17. Nxe5 Bxe2 18. Nd7+ Ke7 19. Qd6+ Ke8 20. Nc7+ Qxc7 21. Qxc7 1-0


[Site "https://www.chess.com"]

[Event "Titled Tuesday Blitz February 07 Late 2023"]
[White "Freile Martin, Javier"]
[Black "Tanenbaum, Zachary"]
[WhiteFideId "3600165"]
[BlackFideId "2060850"]
[WhiteElo "2329"]
[BlackElo "2261"]
[Result "0-1"]
[Round "06"]
[TimeControl "180+2"]
[Date "2023.02.07"]
[WhiteClock "0:00:58"]
[BlackClock "0:00:52"]

1. c4 e5 2. Nc3 Nf6 3. Nf3 Nc6 4. a3 d6 5. e3 g6 6. d4 Bg4 7. Be2 Bg7 8. h3 Bxf3 9. Bxf3 O-O 10. Bxc6 bxc6 11. dxe5 dxe5 12. Qa4 Qd3 13. Qxc6 Rfd8 14. f3 Nh5 15. Kf2 Qc2+ 16. Ne2 Rab8 17. Qe4 Rd3 18. Re1 f5 19. Qc6 f4 20. exf4 exf4 21. Qxc7 Bd4+ 22. Kf1 Ng3+ 23. Nxg3 Qf2# 0-1


[Site "https://www.chess.com"]

[Event "Titled Tuesday Blitz February 07 Late 2023"]
[White "Nefedov, Sergey"]
[Black "Rosenberg, Evan S"]
[WhiteFideId "24113417"]
[BlackFideId "2019299"]
[WhiteElo "2300"]
[BlackElo "1956"]
[Result "1/2-1/2"]
[Round "06"]
[TimeControl "180+2"]
[Date "2023.02.07"]
[WhiteClock "0:00:02"]
[BlackClock "0:00:23"]

1. d4 d5 2. Nf3 Bf5 3. Bf4 e6 4. e3 Bd6 5. Bd3 Bxd3 6. Qxd3 Ne7 7. O-O a6 8. Nbd2 Ng6 9. Bg3 O-O 10. c4 c6 11. e4 Bxg3 12. hxg3 dxc4 13. Nxc4 Nd7 14. Rfd1 b5 15. Nd6 Nb6 16. e5 Ra7 17. Rac1 Rc7 18. Nd2 Nc8 19. N2e4 Nxd6 20. Nxd6 Ne7 21. Qe4 Nc8 22. Rxc6 Rxc6 23. Qxc6 Nxd6 24. exd6 Qc8 25. d5 exd5 26. Qxd5 Rd8 27. d7 Qc7 28. Qd6 Qxd6 29. Rxd6 Kf8 30. Kf1 a5 31. Rd5 a4 32. Ke2 Ke7 33. Rxb5 Rxd7 34. Ra5 Rb7 35. Rxa4 Rxb2+ 36. Kf3 h5 37. Ra6 g6 38. a4 Ra2 39. a5 Ra4 40. Ra7+ Kf6 41. a6 Ra3+ 42. Ke4 Ra2 43. Ke3 Ra3+ 44. Kd4 Ra2 45. Ra8 Rxf2 46. Kc5 Rxg2 47. a7 Ra2 48. Kb6 Kg5 49. Rf8 f5 50. a8=Q Rxa8 51. Rxa8 Kg4 52. Ra3 f4 53. gxf4 Kxf4 54. Kc5 h4 55. Kd4 g5 56. Ra8 h3 57. Rf8+ Kg3 58. Ke3 h2 59. Rh8 Kg2 60. Ke4 g4 61. Kf4 g3 62. Kg4 Kf2 63. Rh3 g2 64. Rxh2 Kf1 65. Rxg2 Kxg2 1/2-1/2


[Site "https://www.chess.com"]

[Event "Titled Tuesday Blitz February 07 Late 2023"]
[White "Battlecruiser_Operational"]
[Black "Diaz Perez, Michel Alejandro"]
[BlackFideId "3517179"]
[WhiteElo "2371"]
[BlackElo "2414"]
[Result "1-0"]
[Round "06"]
[TimeControl "180+2"]
[Date "2023.02.07"]
[WhiteClock "0:00:13"]
[BlackClock "0:00:23"]

1. d4 Nf6 2. c4 d6 3. Nf3 Nbd7 4. Nc3 e5 5. g3 c6 6. Bg2 Be7 7. O-O O-O 8. e4 Qc7 9. h3 a5 10. Be3 Re8 11. Re1 Bf8 12. Rc1 exd4 13. Nxd4 Nc5 14. f3 g6 15. g4 Bg7 16. Nde2 Be6 17. b3 Nfd7 18. f4 f5 19. exf5 gxf5 20. g5 Bf7 21. Ng3 Bg6 22. h4 Qb6 23. h5 Rxe3 24. Rxe3 Nxb3 25. c5 Qxc5 26. Qxb3+ Bf7 27. Nce2 Qxc1+ 28. Nxc1 Bxb3 29. Rxb3 Nc5 30. Rb1 Re8 31. Kf1 a4 32. Nce2 Re3 33. Nxf5 Ra3 34. Nxd6 Rxa2 35. Nxb7 Nb3 36. Bxc6 Kf8 37. Rd1 Nd2+ 38. Kf2 a3 39. h6 Ba1 40. Bd5 Rb2 41. Rxa1 Nb1 42. Ke3 Ke7 43. Ra2 Nd2 44. Rxb2 axb2 45. Ba2 b1=Q 46. Bxb1 Nxb1 47. Nc5 Kf7 48. Nd3 Na3 49. Ne5+ Kg8 50. Nc3 Nc2+ 51. Kd3 Nb4+ 52. Ke4 Na6 53. Nd5 Nc5+ 54. Kf5 Nb7 55. Nf6+ Kf8 56. Nxh7+ Kg8 57. Nf6+ Kf8 58. g6 Nd6+ 59. Ke6 Ne8 60. Ned7# 1-0


[Site "https://www.chess.com"]

[Event "Titled Tuesday Blitz February 07 Late 2023"]
[White "Tyagi, Kushan"]
[Black "Hristodoulou, Panagiotis"]
[WhiteFideId "2040069"]
[BlackFideId "4214340"]
[WhiteElo "2060"]
[BlackElo "2372"]
[Result "0-1"]
[Round "06"]
[TimeControl "180+2"]
[Date "2023.02.07"]
[WhiteClock "0:00:08"]
[BlackClock "0:00:13"]

1. d4 Nf6 2. c4 e6 3. g3 Bb4+ 4. Bd2 a5 5. Bg2 d6 6. Nf3 Nbd7 7. O-O e5 8. Nc3 O-O 9. a3 Bxc3 10. Bxc3 e4 11. Ng5 d5 12. cxd5 Qe7 13. Qc2 Re8 14. e3 Nb6 15. b4 Nbxd5 16. bxa5 Bf5 17. Bb4 Qd7 18. g4 Bxg4 19. Nxe4 Nxe4 20. Bxe4 Ra6 21. Kh1 Rf6 22. Bg2 Bf3 23. Rg1 Qh3 24. Bxf3 Qxf3+ 25. Rg2 Re4 26. Rg1 Rh6 27. Qd1 Rxh2+ 28. Kxh2 Rh4# 0-1


[Site "https://www.chess.com"]

[Event "Titled Tuesday Blitz February 07 Late 2023"]
[White "Fernandez Siles, Luis"]
[Black "Cori T., Deysi"]
[WhiteFideId "2209420"]
[BlackFideId "3801934"]
[WhiteElo "2218"]
[BlackElo "2362"]
[Result "0-1"]
[Round "06"]
[TimeControl "180+2"]
[Date "2023.02.07"]
[WhiteClock "0:00:14"]
[BlackClock "0:01:09"]

1. d4 e6 2. c4 b6 3. Nc3 Bb7 4. e4 Bb4 5. f3 Bxc3+ 6. bxc3 d6 7. Bd3 Nd7 8. Ne2 Qh4+ 9. Ng3 Ngf6 10. O-O c5 11. f4 Ng4 12. h3 Qxg3 13. hxg4 Nf6 14. Qf3 Qxg4 15. Bd2 Qxf3 16. gxf3 Rc8 17. e5 Ng8 18. exd6 Kd7 19. dxc5 Rxc5 20. Be3 Ra5 21. c5 Nf6 22. cxb6 Nd5 23. Bd2 Nxb6 24. c4 Ra3 25. Be4 Bxe4 26. fxe4 Nxc4 27. Bb4 Ra4 28. a3 a5 29. Bc3 Rc8 30. Kf2 Nxd6 31. Bxg7 Nxe4+ 32. Kf3 Nd2+ 0-1


[Site "https://www.chess.com"]

[Event "Titled Tuesday Blitz February 07 Late 2023"]
[White "Koc, Przemyslaw"]
[Black "Li, Hui"]
[WhiteFideId "1109081"]
[BlackFideId "15400310"]
[WhiteElo "2346"]
[BlackElo "1963"]
[Result "1-0"]
[Round "06"]
[TimeControl "180+2"]
[Date "2023.02.07"]
[WhiteClock "0:01:11"]
[BlackClock "0:00:02"]

1. d4 d5 2. Nf3 Nf6 3. e3 c5 4. b3 Nc6 5. Bb2 Bg4 6. h3 Bxf3 7. Qxf3 e6 8. Nd2 cxd4 9. exd4 Be7 10. a3 O-O 11. Bd3 Qb6 12. Qe3 Rac8 13. O-O a6 14. Rae1 Qa5 15. b4 Qc7 16. f4 a5 17. b5 Nb8 18. f5 Bd6 19. fxe6 Bh2+ 20. Kh1 Bg3 21. e7 Rfe8 22. Re2 Bd6 23. Rxf6 Rxe7 24. Qg5 Rxe2 25. Bxe2 Be7 26. Bd3 Bxf6 27. Qf5 Re8 28. Qxh7+ Kf8 29. Nf3 Qg3 30. a4 Re6 31. Ba3+ Ke8 32. Qg8+ Kd7 33. Qxf7+ Be7 34. Ne5+ Rxe5 35. dxe5 Qe1+ 36. Kh2 Qxe5+ 37. g3 b6 38. Bf5+ Kd8 39. Qf8+ Kc7 40. Qxe7+ Qxe7 41. Bxe7 Nd7 42. Bxd7 Kxd7 43. Bg5 1-0


[Site "https://www.chess.com"]

[Event "Titled Tuesday Blitz February 07 Late 2023"]
[White "Chan, Luis"]
[Black "Rizzo, Tobias"]
[WhiteFideId "3216357"]
[BlackFideId "30942691"]
[WhiteElo "2208"]
[BlackElo "1867"]
[Result "1-0"]
[Round "06"]
[TimeControl "180+2"]
[Date "2023.02.07"]
[WhiteClock "0:00:41"]
[BlackClock "0:00:01"]

1. b3 Nf6 2. Bb2 g6 3. Bxf6 exf6 4. c4 Bg7 5. Nc3 O-O 6. g3 c6 7. Bg2 f5 8. Rc1 d6 9. e3 Nd7 10. Nge2 Re8 11. O-O a5 12. d4 Nb6 13. Qd3 a4 14. b4 Be6 15. d5 cxd5 16. cxd5 Bd7 17. Nd4 Rc8 18. Ncb5 Qe7 19. Nc7 Red8 20. Rc2 a3 21. Rfc1 Ba4 22. Rc3 Rd7 23. Ncb5 Rxc3 24. Rxc3 Rd8 25. Rc7 Rd7 26. Rc3 Rd8 27. Rxa3 Bxb5 28. Qxb5 Qc7 29. Ra7 1-0


[Site "https://www.chess.com"]